 Dungeon Crawl Stone Soup version 0.17.2-1-ge4368a0 (webtiles) character file.

37 Goblin1989 the Insei (level 3, -8/29 HPs)
             Began as a Demonspawn Monk on Sept 20, 2017.
             Killed from afar by a white imp (10 damage)
             ... with a puff of frost
             ... summoned by Natasha
             ... on level 2 of the Dungeon.
             The game lasted 00:02:26 (1470 turns).

Goblin1989 the Insei (Demonspawn Monk)              Turns: 1470, Time: 00:02:27

Health: -8/29      AC:  3    Str: 12    XL:     3   Next: 21%
Magic:  3/3        EV: 13    Int: 11    God:
Gold:   132        SH:  0    Dex: 15    Spells: 0 memorised, 2 levels left

rFire  . . .     SeeInvis .       - Unarmed
rCold  . . .     Clarity  .     a - +0 robe
rNeg   . . .     SustAt   .     (no shield)
rPois  .         Gourm    .     (no helmet)
rElec  .         Spirit   .     (no cloak)
rCorr  .         Warding  .     (no gloves)
rMut   .         Stasis   .     (no boots)
MR     .....                    (no amulet)
Stlth  ++........               (no ring)
                                (no ring)

@: slowed, very slow, not resistant to hostile enchantments, unstealthy
A: molten scales 1
a: no special abilities


You were on level 2 of the Dungeon.
You were not hungry.

You visited 1 branch of the dungeon, and saw 2 of its levels.

You collected 132 gold pieces.

Inventory:

Hand Weapons
 n - a +1 great sword of slicing
Armour
 a - a +0 robe (worn)
 r - a +0 ring mail
Scrolls
 d - 2 scrolls of enchant weapon {unknown}
 g - 3 scrolls of remove curse {unknown}
 h - a scroll of enchant armour {unknown}
 i - a scroll of fear {unknown}
 j - 2 scrolls of teleportation {unknown}
 k - 2 scrolls of identify {unknown}
 l - a scroll of recharging {unknown}
 p - a scroll of blinking {unknown}
 q - a scroll of fog {unknown}
Potions
 b - a potion of agility {unknown}
 c - a potion of heal wounds {unknown}
 f - 2 potions of flight {unknown}
 o - a potion of resistance {unknown}
Comestibles
 e - 2 bread rations {@e1}


   Skills:
 - Level 3.0 Fighting
 - Level 2.6 Dodging
 - Level 1.7 Stealth
 + Level 4.6 Unarmed Combat


You had 2 spell levels left.
You didn't know any spells.

Dungeon Overview and Level Annotations

Branches:
Dungeon (2/15)

Altars:
Ashenzari
Gozag

Annotations:
D:2 Natasha


Innate Abilities, Weirdness & Mutations

You are partially covered in molten scales (AC +1).


Message History

All of the chunks of flesh in your inventory have rotted away.
A goblin comes into view. It is wielding a club.
The goblin shouts!
The goblin hits you with a club.
You take 2 damage, and have 27/29 hp.
You hit the goblin.
You kill the goblin!
No target in view!
No target in view!
No target in view!
No target in view!
No target in view!
No target in view!
No target in view!
No target in view!
No target in view!
No target in view!
No target in view!
No target in view!
No target in view!
No target in view!
No target in view!
No target in view!
Things that are here:
a club; a goblin corpse
e - 2 bread rations {@e1} (gained 1)
You now have 111 gold pieces (gained 13).
Found an opulent altar of Gozag.
Health restored: 29 You now have 123 gold pieces (gained 12).
You now have 132 gold pieces (gained 9).
You open the door.
Marking area around Natasha as unsafe for travelling.
Natasha, Servant of Life and Death comes into view.
There is an open door here.
You see here a short sword.
A goblin comes into view.
The helpless Natasha fails to defend herself.
You hit Natasha.
Natasha is moderately wounded.
Natasha mumbles some strange words.
You closely miss Natasha.
Natasha is moderately wounded.
The goblin closely misses you.
Natasha mumbles some strange words.
You hit Natasha.
Natasha is heavily wounded.
The white imp misses you. The goblin barely misses you.
Natasha barely misses you.
You hit Natasha.
Natasha is almost dead.
The crimson imp shouts, "Away with thee, thou bawdy nose-picking mish-mash!"
The white imp hits you but does no damage.
The goblin barely misses you.
Natasha drinks a potion.
Natasha is healed!
You hit Natasha.
Natasha is moderately wounded.
The crimson imp hits you but does no damage.
The white imp barely misses you. The goblin hits you.
You closely miss Natasha.
Natasha is moderately wounded.
Natasha stares at you and mumbles some strange words.
You feel yourself slow down. The crimson imp closely misses you.
The white imp hits you. The white imp freezes you. The goblin hits you.
You barely miss Natasha.
Natasha is moderately wounded.
Natasha closely misses you. The crimson imp barely misses you.
The white imp barely misses you. The goblin barely misses you.
Natasha barely misses you. The crimson imp misses you.
The white imp hits you but does no damage.
You closely miss Natasha.
Natasha is moderately wounded.
The goblin misses you. Natasha barely misses you.
The crimson imp closely misses you. The white imp closely misses you.
The goblin hits you but does no damage.
You hit Natasha.
Natasha is severely wounded.
Natasha barely misses you. The crimson imp closely misses you.
The white imp gestures at you. The puff of frost misses you.
The puff of frost hits the goblin.
The goblin dies!
Natasha casts a spell.
You barely miss Natasha.
Natasha is severely wounded.
The crimson imp closely misses you. The white imp hits you.
The white imp freezes you. Natasha claws you.
* * * LOW HITPOINT WARNING * * *
The crimson imp closely misses you. The white imp hits you.
* * * LOW HITPOINT WARNING * * *
The white imp freezes you.
* * * LOW HITPOINT WARNING * * *
You are too injured to fight recklessly!
You take 23 damage, and have 6/29 hp.
O_OOPS!!
MASSIVE DAMAGE!!
You closely miss Natasha.
Natasha is severely wounded.
The crimson imp hits you.
* * * LOW HITPOINT WARNING * * *
Natasha barely misses you. The crimson imp barely misses you.
The white imp gestures at you. The puff of frost hits you!
You die... ███ ██▲█

█.. ██...██ █.███
██.....██ █.█.██
██[......██
██....████....?.5h.█
..).....)▲......@5.▲
.█....████.......5.█
.█.█..██ ██...)...██
.█.....█ ██.....██
.......█ ██..)██
██████.███████∆███
█...........█
█..████████.███ █..█
█.....█


You could see Natasha, 2 crimson imps and a white imp.

Vanquished Creatures
  A giant gecko (D:1)
  A giant cockroach (D:1)
  7 goblins
  7 hobgoblins
  3 jackals (D:1)
  4 kobolds
  A ball python (D:1)
  4 bats
  2 giant newts (D:1)
  3 rats (D:2)
33 creatures vanquished.

Vanquished Creatures (others)
  A goblin (D:2)
1 creature vanquished.

Grand Total: 34 creatures vanquished

Notes
Turn   | Place    | Note
--------------------------------------------------------------
     0 | D:1      | Goblin1989 the Demonspawn Monk began the quest for the Orb.
     0 | D:1      | Reached XP level 1. HP: 18/18 MP: 1/1
    76 | D:1      | Reached skill level 4 in Unarmed Combat
    86 | D:1      | Gained mutation: You are partially covered in molten scales (AC +1). [demonic ancestry]
    86 | D:1      | Reached XP level 2. HP: 9/24 MP: 2/2
  1135 | D:2      | Reached XP level 3. HP: 29/29 MP: 3/3
  1320 | D:2      | Found a shattered altar of Ashenzari.
  1438 | D:2      | Found an opulent altar of Gozag.
  1454 | D:2      | Noticed Natasha
  1470 | D:2      | Killed from afar by a white imp

Action                   || total
-------------------------++-------
Melee: Unarmed           ||   123
 Stab: Sleeping          ||     4
  Eat: Chunk             ||     2

Vault maps used:
D:1:      shiori_arrival_maze, minmay_strange_pillars
D:2:      ashenzari_conservatory_becter, gammafunk_temple_overflow_statue,
          first_bread, nicolae_gozag_cash_rules_everything_around_me,
          uniq_natasha
